 Dungeon Crawl Stone Soup version 0.22-a0-469-gf26638a (webtiles) character file.

2181 Dfrag the Sneak (level 9, 0/81 HPs)
             Began as a Deep Dwarf Necromancer on June 13, 2018.
             Was a Follower of Makhleb.
             Succumbed to a killer bee's poison
             ... on level 8 of the Dungeon.
             The game lasted 00:16:28 (5151 turns).

Dfrag the Sneak (Deep Dwarf Necromancer)            Turns: 5151, Time: 00:16:29

Health: 0/81       AC:  4    Str: 11 (14) XL:     9   Next: 11%
Magic:  1/18       EV: 12    Int: 18 (19) God:    Makhleb [*.....]
Gold:   342        SH:  0    Dex: 12 (13) Spells: 16/20 levels left

rFire    . . .     SeeInvis .   J - +0 dire flail
rCold    . . .     Gourm    .   (shield currently unavailable)
rNeg     . . .     Faith    .   a - +0 robe
rPois    .         Spirit   .   (no helmet)
rElec    .         Reflect  .   K - +0 cloak
rCorr    +         Harm     .   p - +0 pair of gloves
MR       +....                  (no boots)
Stlth    ++++......             (no amulet)
HPRegen  0.00/turn              B - ring of flight
MPRegen  0.16/turn              v - ring of resist corrosion

@: lethally poisoned (0 -> -1), berserk cooldown, non-regenerating, slowed, very
slow
A: damage resistance, heal wounds, sense surroundings 2, strong 1, sturdy frame
1, no regeneration
a: Heal Wounds, Renounce Religion, Evoke Flight


You were on level 8 of the Dungeon.
You worshipped Makhleb.
Makhleb was aware of your devotion.
You were very hungry.

You visited 1 branch of the dungeon, and saw 8 of its levels.
You also visited: Ossuary.

You collected 342 gold pieces.

Inventory:

Hand Weapons
 y - a +0 rapier
 I - a +1 mace of protection
 J - a +0 dire flail (weapon)
Armour
 a - a +0 robe (worn)
 p - a +0 pair of gloves (worn)
 K - a +0 cloak (worn)
Jewellery
 s - an uncursed ring of fire
 v - a ring of resist corrosion (right hand)
 B - a ring of flight (left hand)
Wands
 L - a wand of iceblast (6)
Scrolls
 f - 2 scrolls of magic mapping {unknown}
 g - 7 scrolls of identify
 h - a scroll of fear {unknown}
 i - 7 scrolls of remove curse {unknown}
 k - 6 scrolls of enchant armour {unknown}
 n - 2 scrolls of enchant weapon {unknown}
 r - 4 scrolls of immolation
 t - 2 scrolls of fog {unknown}
 u - 3 scrolls of teleportation {unknown}
 x - 2 scrolls of amnesia
 z - 4 scrolls of random uselessness {unknown}
 C - a scroll of noise {unknown}
 F - a scroll of blinking {unknown}
Potions
 d - a potion of berserk rage
 e - a potion of ambrosia {unknown}
 j - 11 potions of degeneration
 l - 3 potions of magic {unknown}
 m - 2 potions of might {unknown}
 o - 2 potions of cancellation {unknown}
 q - 2 potions of lignification {unknown}
 w - 4 potions of mutation
 A - 3 potions of brilliance {unknown}
 D - 3 potions of flight {unknown}
 E - 2 potions of curing {unknown}
 H - 2 potions of agility {unknown}
Comestibles
 c - 13 rations


   Skills:
 + Level 5.1 Fighting
 - Level 2.1 Dodging
 + Level 7.9 Stealth
 - Level 6.2 Spellcasting
 - Level 7.2 Necromancy


You had 16 spell levels left.
You knew the following spells:

 Your Spells              Type           Power        Failure   Level  Hunger
a - Pain                  Necr           ####         1%          1    None
b - Vampiric Draining     Necr           ####......   1%          3    ##.....

Your spell library contained the following spells:

 Spells                   Type           Power        Failure   Level  Hunger
 Animate Dead             Necr           N/A          6%          4    ####...
 Animate Skeleton         Necr           N/A          1%          1    None
 Regeneration             Chrm/Necr      ###.......   8%          3    ##.....


Dungeon Overview and Level Annotations

Branches:
Dungeon (8/15)             Temple (0/1) D:7
   Lair: D:8-11

Altars:
Dithmenos
Elyvilon
Gozag
Makhleb
Qazlal
Uskayaw
Vehumet
Wu Jian
Xom

Annotations:
D:5 Grinder
D:7 weezle's ghost, novice GrFi
D:8 Erica


Innate Abilities, Weirdness & Mutations

You are resistant to damage.
You can heal yourself by infusing magical energy.
You passively map the area around you.
You do not regenerate.
Your muscles are strong. (Str +2)
Your movements are slightly less encumbered by armour. (ER -2)


Message History

You feel yourself moving faster!
You feel mighty!
* * * LOW HITPOINT WARNING * * *
You feel sick.
Unknown command.
Unknown command.
You feel a strong urge to attack something.
* * * LOW HITPOINT WARNING * * *
You feel sick.
* * * LOW HITPOINT WARNING * * *
You feel sick.
You see here a ring of fire.
You feel your anger nearly subside.
* * * LOW HITPOINT WARNING * * *
You feel sick.
You are no longer berserk.
You are exhausted.
You feel yourself slow down.
* * * LOW HITPOINT WARNING * * *
You feel sick.
You die...

## #####.# ..... *
* ,, #.#.......#.#
,, , ,
#.#.......#.+ ,, ,
#....._.....# *, ,
**
#.#.....[.#.#+##*
* *
#†#.......#.#..##
* , #.# .....
.....#
#.####.####....#*,
, #........@.....#
*
#######.†..#<...#
* ###......##
########


There were no monsters in sight!

Vanquished Creatures
  4 ice beasts
  2 orc warriors (D:6)
  A sky beast (D:5)
  A phantom (D:6)
  An ogre (D:7)
  A centaur (D:7)
  A big kobold (D:7)
  2 bullfrogs (D:6)
  5 killer bees (D:8)
  A howler monkey (D:8)
  A crimson imp (D:8)
  2 jellies (D:5)
  A quasit (D:7)
  3 hounds (D:4)
  2 orc priests
  2 iguanas
  An orc wizard (D:6)
  7 worker ants
  4 mummies (Ossuary)
  13 adders
  A shadow imp (D:5)
  A worm (D:2)
  3 dart slugs
  5 leopard geckos
  19 orcs
  6 bats
  3 giant cockroaches
  4 goblins (D:3)
  4 hobgoblins
  9 jackals
  2 quokkas
  A ball python (D:5)
  6 frilled lizards
  A gnoll zombie (Ossuary)
  A jackal skeleton (D:4)
  10 kobolds
  An orc zombie (Ossuary)
  2 quokka skeletons
  7 rats
141 creatures vanquished.

Vanquished Creatures (others)
  A quokka (D:7)
  A leopard gecko zombie (D:5)
2 creatures vanquished.

Grand Total: 143 creatures vanquished

Notes
Turn   | Place    | Note
-------+----------+-------------------------------------------
     0 | D:1      | Dfrag the Deep Dwarf Necromancer began the quest for the Orb.
     0 | D:1      | Reached XP level 1. HP: 15/15 MP: 3/3
   207 | D:1      | Reached XP level 2. HP: 22/22 MP: 3/5
   544 | D:2      | Reached XP level 3. HP: 21/28 MP: 0/6
   667 | D:2      | Learned a level 3 spell: Vampiric Draining
   727 | D:2      | Reached skill level 5 in Necromancy
   833 | D:2      | Found an opulent altar of Gozag.
  1029 | D:2      | Reached XP level 4. HP: 30/36 MP: 5/8
  1154 | D:3      | Found a shadowy altar of Dithmenos.
  1188 | D:3      | Found a radiant altar of Vehumet.
  1188 | D:3      | Found a stormy altar of Qazlal.
  1594 | D:3      | Found a shimmering altar of Xom.
  1897 | D:4      | Reached XP level 5. HP: 36/42 MP: 6/10
  2327 | D:4      | Reached XP level 6. HP: 35/49 MP: 0/12
  2607 | D:5      | Entered Level 5 of the Dungeon
  2607 | D:5      | Noticed a sky beast
  2611 | D:5      | Killed a sky beast
  2611 | D:5      | Reached skill level 5 in Spellcasting
  2725 | D:5      | Found a burning altar of Makhleb.
  2731 | D:5      | Found a sand-covered staircase.
  2737 | D:5      | Became a worshipper of Makhleb the Destroyer
  2747 | D:5      | Noticed Grinder
  2748 | D:5      | Found a hide-covered altar of Uskayaw.
  2758 | D:5      | Noticed an ice beast
  2782 | Ossuary  | Entered an ossuary
  3034 | Ossuary  | Reached XP level 7. HP: 25/55 MP: 14/14
  3260 | D:6      | HP: 2/55 [orc warrior/trident (9)]
  3657 | D:6      | Found an ornate altar of the Wu Jian Council.
  3684 | D:7      | Reached skill level 1 in Fighting
  3703 | D:6      | Reached XP level 8. HP: 17/64 MP: 7/17
  3881 | D:6      | Found a shimmering altar of Xom.
  3906 | D:6      | HP: 2/68 [ice beast (8)]
  3907 | D:6      | Reached skill level 5 in Stealth
  4061 | D:6      | Reached * piety under Makhleb
  4434 | D:7      | Found a staircase to the Ecumenical Temple.
  4501 | D:7      | Noticed weezle's ghost (novice GrFi)
  4566 | D:7      | Found a white marble altar of Elyvilon.
  5029 | D:8      | Noticed Erica
  5030 | D:8      | Gained mutation: You passively map the area around you. [Deep Dwarf growth]
  5030 | D:8      | Reached XP level 9. HP: 75/79 MP: 5/18
  5110 | D:8      | Found an ornate altar of the Wu Jian Council.
  5134 | D:8      | Gained mutation: Your muscles are strong. (Str +2) [potion of mutation]
  5134 | D:8      | Gained mutation: Your movements are slightly less encumbered by armour. (ER -2) [potion of mutation]
  5143 | D:8      | Reached skill level 5 in Fighting
  5147 | D:8      | HP: 5/121 [poisoned by a killer bee]
  5149 | D:8      | HP: 2/121 [poisoned by a killer bee]
  5151 | D:8      | Succumbed to a killer bee's poison

Vault maps used:
D:1:      matt_arrival_diagonals
D:2:      lemuel_doored_altar, lightli_corner_chamber
D:3:      old_standard_altar, gammafunk_temple_overflow_forgotten, first_ration,
          serial_bayou_pond_d
D:5:      eat_drink_and_be_merry_uskayaw, basic_altar,
          gup_ossuary_entry_pyramid, uniq_grinder
D:6:      hangedman_feature_mirror
D:7:      lemuel_coloured_pillars_altar, elyvilon_altar_4,
          minmay_temple_entry_grid, serial_glass, glass_columns_b,
          glass_columns_c, minmay_strange_pillars, grunt_ogre_cave,
          serial_bayou_crossing
D:8:      old_standard_altar, serial_glass, glass_columns_a, glass_columns_b,
          uniq_erica
Ossuary:  ossuary_crypta

Skill      XL: |  1  2  3  4  5  6  7  8  9 |
---------------+----------------------------+-----
Spellcasting   | 2 3 4 5 6 |  6.2
Necromancy     | 5 6 7 |  7.2
Stealth        | 3 7 |  7.9
Fighting       | 1 4 5 |  5.1
Dodging        | |  2.1

Action                   |  1- 3 |  4- 6 |  7- 9 || total
-------------------------+-------+-------+-------++-------
Melee: Unarmed           |    35 |    69 |       ||   104
       Rapier            |       |    51 |    52 ||   103
       Dire flail        |       |       |    84 ||    84
 Cast: Pain              |    48 |    73 |    24 ||   145
       Vampiric Draining |     5 |    24 |    73 ||   102
 Abil: Heal Wounds       |       |     1 |       ||     1
Evoke: Wand              |       |     6 |    24 ||    30
  Use: Scroll            |       |     4 |     1 ||     5
       Potion            |       |     1 |     5 ||     6
 Stab: Sleeping          |       |     1 |     1 ||     2
  Eat: Chunk             |     1 |     8 |     9 ||    18
Armor: Robe              |     9 |    53 |    85 ||   147
Dodge: Dodged            |    40 |   144 |   252 ||   436

Table legend:
 A = Spawn XP
 B = Non-spawn XP
 C = Spawn XP percentage of total XP
 D = Spawn monster count
 E = Non-spawn monster count
 F = Spawn count percentage of total count
 G = Total turns spent on level
                    A         B        C        D         E        F      G
               +---------+---------+-------+---------+---------+-------+---------
         Total |       0 |    3117 |   0.0 |       0 |     141 |   0.0 |  5151
               +---------+---------+-------+---------+---------+-------+---------
           D:1 |       0 |      23 |   0.0 |       0 |      12 |   0.0 |   515
           D:2 |       0 |      82 |   0.0 |       0 |      20 |   0.0 |   639
           D:3 |       0 |      82 |   0.0 |       0 |      25 |   0.0 |   683
           D:4 |       0 |     287 |   0.0 |       0 |      18 |   0.0 |   770
           D:5 |       0 |     384 |   0.0 |       0 |       9 |   0.0 |   256
           D:6 |       0 |    1251 |   0.0 |       0 |      26 |   0.0 |  1185
           D:7 |       0 |     416 |   0.0 |       0 |       9 |   0.0 |   324
           D:8 |       0 |     518 |   0.0 |       0 |      16 |   0.0 |   392
       Ossuary |       0 |      74 |   0.0 |       0 |       6 |   0.0 |   387
               +---------+---------+-------+---------+---------+-------+---------
